 Dungeon Crawl Stone Soup version 0.31.0-12-g77e489cdc1 (webtiles) character file.

Game seed: 8787172876641030190

59 Goblin1989 the Sneak (level 3, -2/29 HPs)
             Began as a Demonspawn Delver on Feb 17, 2024.
             Was an Initiate of Okawaru.
             Slain by a water moccasin (8 damage)
             ... on level 4 of the Dungeon.
             The game lasted 00:03:43 (454 turns).

Goblin1989 the Sneak (Demonspawn Delver)             Turns: 454, Time: 00:03:44

Health: -2/29      AC:  3    Str: 14    XL:     3   Next: 78%
Magic:  3/3        EV: 11    Int: 10    God:    Okawaru [......]
Gold:   5          SH:  0    Dex: 14    Spells: 2/2 levels left

rFire   . . .        a - +0 mace
rCold   . . .        (no shield)
rNeg    . . .        b - +0 leather armour
rPois   .            (no helmet)
rElec   .            (no cloak)
rCorr   .            (no gloves)
SInv    .            (no boots)
Will    .....        (no amulet)
Stlth   ++           (no ring)
HPRegen 0.24/turn    (no ring)
MPRegen 0.08/turn

%: no passive effects
@: hasted, very quick
A: ignite blood 1
a: Renounce Religion


You were on level 4 of the Dungeon.
You worshipped Okawaru.
Okawaru was noncommittal.
You visited 1 branch of the dungeon, and saw 3 of its levels.

You collected 5 gold pieces.

Inventory:

Hand Weapons
 a - a +0 mace (weapon)
Armour
 b - a +0 leather armour (worn)
Wands
 g - a wand of digging (3) {@v3}
Scrolls
 c - a scroll of fog
 e - a scroll of fear


   Skills:
 - Level 3.0 Fighting
 + Level 3.8 Maces & Flails
 - Level 1.7 Dodging
 - Level 4.5 Stealth


You had 2 spell levels left.
You didn't know any spells.
Your spell library was empty.

Dungeon Overview and Level Annotations

Branches:
Dungeon (5/15) Zot: 17542
 Temple: D:4-7

Altars:
Okawaru

Annotations:
D:3 Natasha


Innate Abilities, Weirdness & Mutations

Your demonic aura sometimes causes spilled blood to erupt in flames.


Message History

There is an open door here.
A kobold comes into view. It is wielding a +0 dagger.
The kobold shouts!
You hit the kobold.
The kobold is severely wounded.
The kobold hits you but does no damage.
You hit the kobold.
You kill the kobold!
Okawaru accepts your kill.
Found a robe.
Things that are here:
a +0 dagger; a kobold corpse You open the door.
There is an open door here.
You open the door.
There is an open door here.
You see here a +0 robe.
Found a stone staircase leading up.
There is a stone staircase leading up here.
You climb upwards.
Found 2 poisoned darts and a blue potion.
There is a stone staircase leading down here.
You climb downwards.
There is a stone staircase leading up here.
There is an open door here.
An adder comes into view.
Found 10 gold pieces and 2 scrolls labelled RAOJ SELOENOT.
The adder hisses angrily.
Found a yellow potion.
The adder bites you.
You are poisoned.
The adder poisons you!
You take 1 damage, and have 28/29 hp.
You hit the adder.
The adder is heavily wounded.
You feel sick.
The adder is engulfed in blazing flames.
You kill the adder!
Okawaru accepts your kill.
You take 2 damage, and have 26/29 hp.
Found a fine ring mail.
You feel sick.
You see here an adder corpse.
You take 1 damage, and have 25/29 hp.
You feel sick.
Found a dented golden amulet and 2 scrolls labelled GOTEMOA BEFEYGG.
You feel sick.
You are no longer poisoned.
You take 1 damage, and have 24/29 hp.
A water moccasin comes into view.
An orc comes into view.
It is wielding a +0 dagger of protection.
Found a ring mail.
The orc shouts!
You hear an angry hiss.
You see here 2 scrolls labelled RAOJ SELOENOT.
The orc attacks as it pursues you! The orc hits you but does no damage.
The orc attacks as it pursues you! The orc barely misses you.
You feel yourself speed up. The orc barely misses you.
You closely miss the orc.
The orc hits you with a +0 dagger of protection.
You take 1 damage, and have 25/29 hp.
You hit the orc.
The orc is lightly wounded.
The orc hits you with a +0 dagger of protection.
You take 1 damage, and have 24/29 hp.
You hit the orc.
You kill the orc!
Okawaru accepts your kill. The water moccasin barely misses you.
You closely miss the water moccasin. The water moccasin bites you.
You take 4 damage, and have 20/29 hp.
You sock the water moccasin!
The water moccasin is moderately wounded.
The water moccasin bites you!
You take 6 damage, and have 14/29 hp.
MASSIVE DAMAGE!!
You barely miss the water moccasin.
The water moccasin is moderately wounded.
The water moccasin bites you.
* * * LOW HITPOINT WARNING * * *
You take 2 damage, and have 12/29 hp.
The water moccasin bites you.
* * * LOW HITPOINT WARNING * * *
You take 6 damage, and have 6/29 hp.
MASSIVE DAMAGE!!
You closely miss the water moccasin.
The water moccasin is moderately wounded.
The water moccasin bites you.
* * * LOW HITPOINT WARNING * * *
You take 2 damage, and have 5/29 hp.
You hit the water moccasin but do no damage.
The water moccasin is moderately wounded.
The water moccasin misses you.
You sock the water moccasin!
The water moccasin is heavily wounded.
The water moccasin closely misses you.
Unknown command.
You closely miss the water moccasin.
The water moccasin is heavily wounded.
The water moccasin misses you.
You miss the water moccasin.
The water moccasin is heavily wounded.
The water moccasin bites you!
You die...

████....█ ......█.█ █
...██..∆████ █ █[ .█
██.....█████ .█.
...███.........O ███...
█............. █ █?█.█.█
█.█...........
.██.█.█.██...........[.
███..█.█.█S@███...!.....$
[..█.█.█.█..$█..........
..█.█.█..███..........
█.█.█)██....▲█████...
█.█.█"█.█...█ ...
█.?.███.....█ ..
█...█.█...███..█
█.█.█!█.█.███..█ █
?S███...██...█


You could see a water moccasin.

Vanquished Creatures
  A hound (D:5)
  3 adders
  An orc (D:4)
  A quokka (D:4)
  A kobold (D:4)
7 creatures vanquished.

Notes
Turn   | Place    | Note
-------+----------+-------------------------------------------
     0 | D:5      | Goblin1989 the Demonspawn Delver began the quest for the
                  | Orb.
     0 | D:5      | Reached XP level 1. HP: 18/18 MP: 1/1
    20 | D:5      | Gained mutation: Your demonic aura sometimes causes spilled
                  | blood to erupt in flames. [demonic ancestry]
    20 | D:5      | Reached XP level 2. HP: 7/24 MP: 2/2
    28 | D:5      | Found an iron altar of Okawaru.
    36 | D:5      | Became a worshipper of Warmaster Okawaru
   144 | D:5      | Reached XP level 3. HP: 14/29 MP: 3/3
   221 | D:4      | Noticed an ogre
   397 | D:3      | Noticed Natasha
   431 | D:4      | Noticed a water moccasin
   454 | D:4      | Slain by a water moccasin

Illustrated notes

Levels and vault maps discovered:
D:3:      layout_loops_ring, mainiacjoe_overflow_small_starburst,
          mainiacjoe_overflow_tiny_flanked,
          hellmonk_ecumenical_altar_watching_god, uniq_natasha
D:4:      layout_basic, amcnicky_altar_gilded, trog_book, minmay_starry_boxes
D:5:      layout_basic, lemuel_coloured_pillars_altar, grunt_qazlal_sundering,
          nicolae_dithmenos_shadow_blocks, serial_shops,
          nicolae_shop_advertising_works [nicolae_subvault_shop_adworks],
          portal_sewer_entry_d

Skill      XL: |  1  2 |
---------------+-------+-----
Maces & Flails | 2 3 |  3.8
Fighting       | |  3.0
Dodging        | |  1.7
Stealth        | |  4.5

Action                     || total
---------------------------++-------
  Melee: Mace              ||    38
    Use: Scroll            ||     1
         Potion            ||     1
 Armour: Leather armour    ||    32
  Dodge: Dodged            ||    22
